 Dungeon Crawl Stone Soup version 0.29.1-12-g30fa7ad0bf (webtiles) character file.

Game seed: 3885047862607954109

2 wrenrar the Conjurer (level 1, 0/13 HPs)
             Began as a Human Conjurer on Jan 8, 2023.
             Slain by a bat (1 damage)
             ... on level 1 of the Dungeon.
             The game lasted 00:00:47 (30 turns).

wrenrar the Conjurer (Human Conjurer)                 Turns: 30, Time: 00:00:48

Health: 0/13       AC:  2    Str:  7    XL:     1   Next: 33%
Magic:  0/3        EV: 12    Int: 18    God:
Gold:   0          SH:  0    Dex: 11    Spells: 3/4 levels left

rFire   . . .      SeeInvis .   (no weapon)
rCold   . . .      Faith    .   (no shield)
rNeg    . . .      Spirit   .   a - +0 robe
rPois   .          Reflect  .   (no helmet)
rElec   .          Harm     .   (no cloak)
rCorr   .          Rampage  .   (no gloves)
Will    .....                   (no boots)
Stlth   ++........              (no amulet)
HPRegen 0.04/turn               (no ring)
MPRegen 0.08/turn               (no ring)

@: no status effects
A: no striking features
a: no special abilities


You were on level 1 of the Dungeon.
You visited 1 branch of the dungeon, and saw 1 of its levels.

Inventory:

Armour
 a - a +0 robe (worn)
Potions
 b - a potion of magic


   Skills:
 + Level 2.0 Dodging
 + Level 2.0 Stealth
 + Level 2.0 Spellcasting
 + Level 4.0 Conjurations


You had 3 spell levels left.
You knew the following spells:

 Your Spells              Type           Power      Damage    Failure   Level
a - Magic Dart            Conj           64%        1d6       3%          1

Your spell library contained the following spells:

 Spells                   Type           Power      Damage    Failure   Level
 Searing Ray              Conj           32%        2d5       5%          2
 Summon Small Mammal      Summ           4%         N/A       19%         1
 Dazzling Flash           Conj/Hex       18%        N/A       24%         3
 Call Canine Familiar     Summ           1%         N/A       47%         3
 Summon Guardian Golem    Hex/Summ       1%         N/A       47%         3
 Fulminant Prism          Conj/Hex       4%         3d6       61%         4
 Iskenderun's Mystic Bla  Conj/Tloc      9%         2d4       61%         4


Dungeon Overview and Level Annotations

Branches:
Dungeon (1/15)

Altars:


Message History

The endoplasm jiggles.
Aiming: Magic Dart (safe; 3% risk of failure)
Press: ? - help, Q - select action Shift-Dir - straight line, f - endoplasm
Aim: an endoplasm (100% to hit)
The magic dart hits the endoplasm.
The endoplasm is moderately wounded.
The endoplasm hits you. The endoplasm attacks as you move away!
The endoplasm barely misses you. The endoplasm attacks as you move away!
The endoplasm hits you but does no damage.
The endoplasm attacks as you move away!
The endoplasm hits you but does no damage.
A bat comes into view.
The endoplasm attacks as you move away!
The endoplasm hits you but does no damage.
A goblin comes into view. It is wielding a +0 dagger.
Aiming: Magic Dart (safe; 3% risk of failure)
Press: ? - help, Q - select action Shift-Dir - straight line, f/p - endoplasm
Aim: an endoplasm (moderately wounded, 100% to hit)
The magic dart hits the endoplasm but does no damage.
The endoplasm is moderately wounded.
The endoplasm closely misses you.
You hit the endoplasm.
The endoplasm is heavily wounded.
The bat hits you but does no damage. The endoplasm hits you.
You hit the endoplasm.
The endoplasm is severely wounded.
The goblin shouts!
The bat hits you but does no damage. The endoplasm freezes you.
You are frozen.
* * * LOW HITPOINT WARNING * * *
You hit the endoplasm but do no damage.
The endoplasm is heavily wounded.
The bat closely misses you. The endoplasm hits you.
* * * LOW HITPOINT WARNING * * *
You don't have enough magic to cast this spell.
The endoplasm attacks as you move away! The endoplasm closely misses you.
The bat hits you.
You die...

##.## #.. #.$.##...# .#
#.⌠ #.⌠.##.⌠.# .# .. ...
..! .. #. #.# #.# .# .
###.####.####.####.###.⌠
.........(..............
#..........<.........##.
....).........Jb@...g...
###.####.####.####.###.⌠
#. #.# #.# # .. ... ...
#.⌠ #.⌠.##.⌠.# #..
#...##...# ##g
##.####.## .. .). ...


You could see an endoplasm, a goblin and a bat.

Vanquished Creatures
  A goblin (D:1)
  A rat (D:1)
2 creatures vanquished.

Notes
Turn   | Place    | Note
-------+----------+-------------------------------------------
     0 | D:1      | wrenrar the Human Conjurer began the quest for the Orb.
     0 | D:1      | Reached XP level 1. HP: 13/13 MP: 3/3
    30 | D:1      | Slain by a bat

Illustrated notes

Levels and vault maps discovered:
D:1:      dpeg_arrival_chambers_temple_mockup, layout_loops_ring,
          ebering_ecumenical_altar_petrified

Action                   || total
-------------------------++-------
Melee: Unarmed           ||     5
 Cast: Magic Dart        ||     4
Armor: Robe              ||     5
Dodge: Dodged            ||     6
